 Dungeon Crawl Stone Soup version 0.30.1-9-gdf580d7c3d (webtiles) character file.

Game seed: 12107433488641047064

861 viiyen the Trooper (level 7, -1/59 HPs)
             Began as a Demonspawn Berserker on Oct 2, 2023.
             Was a Priest of Trog.
             Slain by an ogre
             ... wielding a +0 giant club
              (30 damage)
             ... on level 5 of the Dungeon.
             The game lasted 00:09:46 (3874 turns).

viiyen the Trooper (Demonspawn Berserker)           Turns: 3874, Time: 00:09:47

Health: -1/59      AC:  9    Str: 20    XL:     7   Next: 71%
Magic:  7/7        EV: 11    Int:  8    God:    Trog [***...]
Gold:   274        SH:  4    Dex: 17    Spells: 6/6 levels left

rFire   . . .        a - +0 hand axe (chaos)
rCold   . . .        f - +0 buckler
rNeg    + . .        m - +0 ring mail of Classification {-Tele rN+ Dex+5}
rPois   .            (no helmet)
rElec   .            (no cloak)
rCorr   .            h - +0 pair of gloves
SInv    .            (no boots)
Will    .....        o - amulet of regeneration
Stlth   +            g - ring of flight
HPRegen 1.09/turn    (no ring)
MPRegen 0.10/turn

%: no teleportation
@: lethally poisoned (-1 -> -2), flying
A: hooves 1, slimy green scales 2, foul stench 1
a: Renounce Religion, Berserk, Trog's Hand


You were on level 5 of the Dungeon.
You worshipped Trog.
Trog was most pleased with you.
You visited 1 branch of the dungeon, and saw 5 of its levels.

You collected 274 gold pieces.

Inventory:

Hand Weapons
 a - a +0 hand axe of chaos (weapon)
Armour
 f - a +0 buckler (worn)
 h - a +0 pair of gloves (worn)
 m - the +0 ring mail of Classification (worn) {-Tele rN+ Dex+5}
   (You found it on level 2 of the Dungeon)

   Dex:       It affects your dexterity (+5).
   rN:        It protects you from negative energy.
   -Tele:     It prevents most forms of teleportation.
Jewellery
 g - a ring of flight (left hand)
 o - an amulet of regeneration (around neck)
 s - a ring of magical power
Wands
 q - a wand of acid (8)
 v - a wand of flame (26)
Scrolls
 d - a scroll of magic mapping
 e - 4 scrolls of brand weapon
 t - a scroll of teleportation
Potions
 b - 2 potions of heal wounds
 c - a potion of curing
 i - 2 potions of flight
 j - a potion of resistance {unknown}
 k - 2 potions of degeneration {unknown}
 l - a potion of brilliance {unknown}
 n - a potion of ambrosia {unknown}
 p - a potion of attraction {unknown}
 r - a potion of might {unknown}
 u - a potion of lignification {unknown}


   Skills:
 + Level 6.9 Fighting
 + Level 6.2 Axes
 - Level 1.7 Armour
 - Level 1.7 Dodging


You had 6 spell levels left.
You didn't know any spells.
Your spell library was empty.

Dungeon Overview and Level Annotations

Branches:
Dungeon (5/15)
 Temple: D:4-7

Altars:
Hepliaklqana
Kikubaaqudgha

Annotations:
D:5 1 runed translucent door, Crazy Yiuf


Innate Abilities, Weirdness & Mutations

You have large cloven feet.
You are mostly covered in slimy green scales. (AC +3)
You may rarely emit foul miasma when damaged in melee.


Message History

The water moccasin is engulfed in dark miasma.
The water moccasin is poisoned.
The water moccasin seems to slow down.
The water moccasin closely misses you. The adder barely misses you.
You miss the water moccasin.
You kick the water moccasin, but do no damage.
The water moccasin is severely wounded.
You completely miss the adder.
You feel very sick.
The water moccasin is no longer moving slowly.
The water moccasin is engulfed in dark miasma.
The water moccasin bites you. The adder bites you but does no damage.
You hit the water moccasin. Your kick misses the water moccasin.
The water moccasin is almost dead.
You hit the adder.
You feel sick.
You kill the water moccasin!
Trog accepts your kill. The adder bites you but does no damage.
You closely miss the adder. You kick the adder, but do no damage.
The adder is moderately wounded.
You feel very sick. The adder bites you.
The adder bites you but does no damage.
You hit the adder.
You feel better.
The adder is moderately wounded.
You feel sick. You block the adder's attack.
You completely miss the adder. Your kick misses the adder.
The adder is moderately wounded.
You feel sick. The adder bites you but does no damage.
You barely miss the adder. You kick the adder.
The adder is severely wounded.
You feel sick. The adder completely misses you. You block the adder's attack.
You hit the adder. You burn the adder.
The adder is almost dead.
You barely miss the ogre.
You feel sick. The ogre hits you but does no damage.
The adder barely misses you.
You barely miss the adder. Your kick misses the adder.
The adder is almost dead.
You barely miss the ogre.
You feel sick. You block the adder's attack.
The ogre hits you with a +0 giant club!!
Ouch! That really hurt!
You die...

..# # ..# .. ..####.# ######
.<....# .....########
......# ..........## ....>.#
#### #.#####...### ..####.#
#~~~~ #..........)# ..#
##~~~~~~###.####.>.#.# ..#
..~~....O@..# ##.##.## .##
..~~.....S...# #.#...#### .#
..~....~~.....# #...#.....
.# #..~..~~..~....#
###...####
.###.[..~~....~....# ##.## #
.#.........⌠~~...... #.# ##
...#......~~⌠........ #.#
##. ##.#
....~....~~...#.######.###.#
##.##....~ ........÷..##


You could see an ogre and an adder (strong).

Vanquished Creatures
  A water moccasin (D:5)
  A black bear (D:4)
  2 ogres
  A phantom (D:4)
  4 killer bees (D:5)
  2 jellies (D:5)
  A sleepcap (D:5)
  An orc wizard (D:5)
  2 adders (D:5)
  3 dart slugs
  10 orcs
  5 ball pythons
  7 endoplasms
  6 giant cockroaches
  3 goblins
  9 hobgoblins
  6 jackals
  4 quokkas
  12 bats
  4 frilled lizards
  8 kobolds
  11 rats
103 creatures vanquished.

Notes
Turn   | Place    | Note
-------+----------+-------------------------------------------
     0 | D:1      | viiyen the Demonspawn Berserker began the quest for the
                  | Orb.
     0 | D:1      | Reached XP level 1. HP: 18/18 MP: 1/1
   180 | D:1      | Gained mutation: You have large cloven feet. [demonic
                  | ancestry]
   180 | D:1      | Reached XP level 2. HP: 24/24 MP: 2/2
   340 | D:1      | Found a faded altar of an unknown god.
   557 | D:1      | Reached ** piety under Trog
   558 | D:1      | Reached XP level 3. HP: 28/29 MP: 3/3
  1570 | D:2      | Identified the +0 ring mail of Classification {-Tele rN+
                  | Dex+5}
  1790 | D:3      | Gained mutation: You may rarely emit foul miasma when
                  | damaged in melee. [demonic ancestry]
  1790 | D:3      | Reached XP level 4. HP: 37/37 MP: 4/4
  1917 | D:3      | Found an ancient bone altar of Kikubaaqudgha.
  2313 | D:4      | Reached *** piety under Trog
  2355 | D:4      | Noticed a black bear
  2362 | D:4      | Killed a black bear
  2363 | D:4      | Gained mutation: You are partially covered in slimy green
                  | scales. (AC +2) [demonic ancestry]
  2363 | D:4      | Reached XP level 5. HP: 43/43 MP: 5/5
  2585 | D:4      | Noticed a phantom
  2596 | D:4      | Killed a phantom
  2597 | D:4      | Reached skill level 5 in Fighting
  2813 | D:4      | Gained mutation: You are mostly covered in slimy green
                  | scales. (AC +3) [demonic ancestry]
  2813 | D:4      | Reached XP level 6. HP: 51/51 MP: 6/6
  2894 | D:4      | Reached skill level 5 in Axes
  3224 | D:5      | Entered Level 5 of the Dungeon
  3446 | D:5      | Identified the +0 leather armour of Coge Joatt {rF+ rC-
                  | Will++ Dex+2}
  3456 | D:5      | Found a hazy altar of Hepliaklqana.
  3466 | D:5      | Reached XP level 7. HP: 58/58 MP: 7/7
  3747 | D:5      | Found a runed translucent door.
  3748 | D:5      | Noticed Crazy Yiuf
  3874 | D:5      | Slain by an ogre

Illustrated notes

Levels and vault maps discovered:
D:1:      minmay_arrival_hallway, layout_loops_ring,
          ebering_ecumenical_altar_sacrificial
D:2:      minmay_general_purpose_star, layout_basic, serial_forest,
          infiniplex_forest_clump_medium, infiniplex_forest_lined_3,
          infiniplex_forest_straight_2, infiniplex_forest_straight_4,
          infiniplex_forest_straight_4, infiniplex_forest_straight_4,
          infiniplex_forest_split
D:3:      layout_rooms, kiku_gazebo_pond_becter, minmay_misc_feat_more_columns
D:4:      layout_basic
D:5:      cheibrodos_helix_gallery, layout_loops_ring,
          mainiacjoe_overflow_surrounded_room, uniq_crazy_yiuf_cottage

Skill      XL: |  1  2  3  4  5  6  7 |
---------------+----------------------+-----
Axes           | 3 4 5 6 |  6.2
Fighting       | 4 5 6 |  6.9
Armour         | |  1.7
Dodging        | |  1.7

Action                     |  1- 3 |  4- 6 |  7- 9 || total
---------------------------+-------+-------+-------++-------
  Melee: Hand axe          |   129 |    97 |    43 ||   269
         Kick              |    27 |    29 |    10 ||    66
 Invoke: Berserk           |       |     2 |       ||     2
    Use: Scroll            |     3 |     8 |       ||    11
   Stab: Sleeping          |     1 |       |       ||     1
         Confused          |       |     1 |     1 ||     2
 Armour: Animal skin       |     8 |       |       ||     8
         Ring mail         |    36 |    25 |    21 ||    82
  Dodge: Dodged            |    79 |    58 |    34 ||   171
  Block: Buckler           |     9 |    23 |     9 ||    41
